 Dungeon Crawl Stone Soup version 0.27.1-4-g1640c2035a (webtiles) character file.

Game seed: 4853030631407841629

58 McKennaii the Skirmisher (level 3, 0/29 HPs)
             Began as a Demonspawn Fighter on Nov 16, 2021.
             Slain by a kobold brigand (2 damage)
             ... on level 3 of the Dungeon.
             The game lasted 00:01:38 (2019 turns).

McKennaii the Skirmisher (Demonspawn Fighter)       Turns: 2019, Time: 00:01:39

Health: 0/29       AC:  6    Str: 17    XL:     3   Next: 76%
Magic:  3/3        EV:  7    Int:  9    God:
Gold:   130        SH:  8    Dex: 12    Spells: 2/2 levels left

rFire    . . .     SeeInvis .   a - +0 trident
rCold    . . .     Faith    .   c - +0 kite shield
rNeg     . . .     Spirit   .   b - +0 scale mail
rPois    .         Reflect  .   (no helmet)
rElec    .         Harm     .   (no cloak)
rCorr    .         Rampage  .   (no gloves)
Will     .....                  (no boots)
Stlth    ..........             (no amulet)
HPRegen  0.09/turn              (no ring)
MPRegen  0.08/turn              (no ring)

@: no status effects
A: claws 1, spiny 1
a: no special abilities


You were on level 3 of the Dungeon.
You visited 1 branch of the dungeon, and saw 3 of its levels.

You collected 130 gold pieces.

Inventory:

Hand Weapons
 a - a +0 trident (weapon)
Armour
 b - a +0 scale mail (worn)
 c - a +0 kite shield (worn)
Scrolls
 e - a scroll of enchant weapon {unknown}
 g - 2 scrolls of identify {unknown}
 h - a scroll of fear {unknown}
 i - a scroll of vulnerability {unknown}
 j - a scroll of teleportation {unknown}
Potions
 d - 2 potions of might
 f - a potion of degeneration {unknown}
 k - a potion of resistance {unknown}
 l - 2 potions of lignification {unknown}


   Skills:
 + Level 3.2 Fighting
 * Level 3.0 Polearms
 + Level 3.0 Armour
 + Level 2.9 Shields


You had 2 spell levels left.
You didn't know any spells.
Your spell library contained the following spells:

 Spells                   Type           Power      Damage    Failure   Level
 Animate Skeleton         Necr           0%         N/A       100%        1
 Apportation              Tloc           0%         N/A       100%        1
 Corona                   Hex            0%         N/A       100%        1
 Summon Small Mammal      Summ           0%         N/A       100%        1


Dungeon Overview and Level Annotations

Branches:
Dungeon (3/15)

Altars:
Wu Jian


Innate Abilities, Weirdness & Mutations

You have sharp fingernails.
You are partially covered in sharp spines.


Message History

The kobold brigand is struck by your spines.
The kobold brigand hits you with a +0 dagger of speed.
The kobold brigand barely misses you.
The kobold brigand hits you with a +0 dagger of speed.
You puncture the kobold brigand!
The kobold brigand is severely wounded.
You block the kobold brigand's attack.
The kobold brigand is struck by your spines.
The kobold brigand hits you with a +0 club.
The kobold brigand is struck by your spines.
The kobold brigand hits you with a +0 dagger of speed.
You hit the kobold brigand.
The kobold brigand is almost dead.
The kobold brigand misses you. The kobold brigand closely misses you.
The kobold brigand barely misses you.
The kobold brigand hits you with a +0 club.
You hit the kobold brigand but do no damage.
The kobold brigand is almost dead.
The kobold brigand hits you with a +0 dagger of speed.
The kobold brigand is struck by your spines.
The kobold brigand barely misses you.
The kobold brigand is struck by your spines.
The kobold brigand hits you with a +0 dagger of speed.
You block the kobold brigand's attack.
The kobold brigand is struck by your spines.
The kobold brigand hits you with a +0 club.
* * * LOW HITPOINT WARNING * * *
The kobold brigand throws a poisoned dart.
The poisoned dart barely misses you.
You are too injured to fight recklessly!
You are too injured to fight recklessly!
You are too injured to fight recklessly!
You are too injured to fight recklessly!
You closely miss the kobold brigand.
The kobold brigand is heavily wounded.
The kobold brigand hits you with a +0 club.
* * * LOW HITPOINT WARNING * * *
The kobold brigand is struck by your spines.
The kobold brigand hits you with a +0 club.
You die...

#...##.)#≈≈≈≈..
######..#≈≈≈≈.#
#..##≈≈..#
##..#≈≈..#
#..##≈..# ##..#
... #..# #.. #
#..# ..# #.@#
#≈≈ #KK##
#≈≈≈##..#
#≈≈≈≈#..#
#≈≈≈##..# #≈≈
#).## ## #..#
..## #..


You could see 2 kobold brigands.

Vanquished Creatures
  An adder (D:2)
  A worm (D:2)
  2 dart slugs (D:2)
  4 endoplasms
  A giant cockroach (D:1)
  A goblin (D:1)
  6 hobgoblins
  3 jackals (D:1)
  2 ball pythons (D:1)
  3 bats
  2 frilled lizards (D:1)
  9 kobolds
  6 rats
41 creatures vanquished.

Vanquished Creatures (others)
  A plant (D:1)
1 creature vanquished.

Grand Total: 42 creatures vanquished

Notes
Turn   | Place    | Note
-------+----------+-------------------------------------------
     0 | D:1      | McKennaii the Demonspawn Fighter began the quest for the
                  | Orb.
     0 | D:1      | Reached XP level 1. HP: 18/18 MP: 1/1
   260 | D:1      | Gained mutation: You are partially covered in sharp spines.
                  | [demonic ancestry]
   260 | D:1      | Reached XP level 2. HP: 24/24 MP: 2/2
   557 | D:1      | Found a faded altar of an unknown god.
  1152 | D:2      | Gained mutation: You have sharp fingernails. [demonic
                  | ancestry]
  1152 | D:2      | Reached XP level 3. HP: 29/29 MP: 3/3
  1512 | D:2      | Found an ornate altar of the Wu Jian Council.
  2004 | D:3      | Noticed a kobold brigand
  2004 | D:3      | Noticed a kobold brigand
  2019 | D:3      | Slain by a kobold brigand

Illustrated notes

Levels and vault maps discovered:
D:1:      sevenhm_arrival_forest_fort_large_1, layout_loops_ring,
          hellmonk_ecumenical_altar_crossroads, chequers_big_river, hex_medium
D:2:      layout_loops_ring, basic_altar
D:3:      cheibrodos_thug_alley, layout_basic

Skill      XL: |  1  2  3 |
---------------+----------+-----
Polearms       | 2 3 |  3.0
Armour         | 3 |  3.0
Fighting       | |  3.2
Shields        | |  2.9

Action                   || total
-------------------------++-------
Melee: Trident           ||   124
Armor: Scale mail        ||    23
Dodge: Dodged            ||    25
Block: Kite shield       ||    23
